MLB
SAN DIEGO PADRES @ SAN FRANCISCO GIANTS
05/01/2018
 
TOP OF THE 1ST
San Diego Padres batting - Pitching for San Francisco Giants : RHP Max Scherzer
Pitching: RHP Max Scherzer
Batting: LHB David Peralta 0-0: Ball
1-0: Called Strike
1-1: Ball
2-1: Ball
3-1: Ground out 1-3 (Groundball, 34S)
Batting: RHB Jose Altuve 0-0: Fly out, F7 (Line Drive, 7)
Batting: RHB Mitch Haniger 0-0: Ball
1-0: Ball
2-0: Ground out 4-3 (Groundball, 4)
Top of the 1st over - 0 runs, 0 hits, 0 errors, 0 left on base; San Diego 0 - San Francisco 0
BOTTOM OF THE 1ST
San Francisco Giants batting - Pitching for San Diego Padres : RHP Gerrit Cole
Pitching: RHP Gerrit Cole
Batting: LHB Jon Jay 0-0: Ground out 4-3 (Groundball, 34)
Batting: RHB Dustin Pedroia 0-0: Ball
1-0: Ball
2-0: Swinging Strike
2-1: Fly out, F9 (Flyball, 9LSF)
Batting: LHB Anthony Rizzo 0-0: Swinging Strike
0-1: Called Strike
0-2: Strikes out swinging
Bottom of the 1st over - 0 runs, 0 hits, 0 errors, 0 left on base; San Diego 0 - San Francisco 0
TOP OF THE 2ND
San Diego Padres batting - Pitching for San Francisco Giants : RHP Max Scherzer
Batting: LHB Mike Moustakas 0-0: Called Strike
0-1: Called Strike
0-2: Strikes out swinging
Batting: SHB Carlos Santana 0-0: Called Strike
0-1: Ball
1-1: Swinging Strike
1-2: Foul Ball, location: 2F
1-2: Ball
2-2: Ball
3-2: Foul Ball, location: 2F
3-2: Foul Ball, location: 2F
3-2: Strikes out swinging
Batting: RHB Byron Buxton 0-0: Called Strike
0-1: Ball
1-1: Called Strike
1-2: Ball
2-2: Strikes out looking
Top of the 2nd over - 0 runs, 0 hits, 0 errors, 0 left on base; San Diego 0 - San Francisco 0
BOTTOM OF THE 2ND
San Francisco Giants batting - Pitching for San Diego Padres : RHP Gerrit Cole
Batting: LHB Kyle Seager 0-0: Ball
1-0: Called Strike
1-1: SINGLE (Groundball, 34D)
Batting: RHB Nelson Cruz 0-0: Swinging Strike
0-1: Foul Ball, location: 2F
0-2: Strikes out looking
Batting: LHB Corey Dickerson 0-0: Ball
1-0: Ball
2-0: Called Strike
2-1: Grounds into double play, 4-6-3 (Groundball, 4D)
Bottom of the 2nd over - 0 runs, 1 hit, 0 errors, 0 left on base; San Diego 0 - San Francisco 0
TOP OF THE 3RD
San Diego Padres batting - Pitching for San Francisco Giants : RHP Max Scherzer
Batting: RHB Russell Martin 0-0: Ball
1-0: Foul Ball, location: 2F
1-1: Ball
2-1: Ball
3-1: Foul Ball, location: 2F
3-2: Strikes out swinging
Batting: SHB Freddy Galvis 0-0: SINGLE (Groundball, 4M)
Batting: RHB Gerrit Cole 0-0: Ball
1-0: Swinging Strike
1-1: Swinging Strike
1-2: Sac Bunt - play at second, runner OUT! 1-6
Batting: LHB David Peralta 0-0: Called Strike
0-1: Ball
1-1: Foul Ball, location: 2F
1-2: Fielders Choice at 2nd, 6-4 (Groundball, 6)
Top of the 3rd over - 0 runs, 1 hit, 0 errors, 1 left on base; San Diego 0 - San Francisco 0
BOTTOM OF THE 3RD
San Francisco Giants batting - Pitching for San Diego Padres : RHP Gerrit Cole
Batting: RHB Tim Anderson 0-0: Called Strike
0-1: Foul Ball, location: 2F
0-2: Ball
1-2: Strikes out looking
Batting: RHB Chris Gimenez 0-0: Foul Ball, location: 2F
0-1: Ball
1-1: Ball
2-1: SINGLE (Groundball, 56D)
Batting: RHB Max Scherzer 0-0: Ball
1-0: Sac Bunt - play at first, batter OUT! 1-4
Chris Gimenez to second
Batting: LHB Jon Jay 0-0: Swinging Strike
0-1: SINGLE (Groundball, 34D)
Chris Gimenez to third
Runner from 3rd tries for Home, SAFE, throw made home
Batting: RHB Dustin Pedroia 0-0: Called Strike
0-1: Ball
1-1: Fielders Choice at 2nd, 5-4 (Groundball, 56)
Bottom of the 3rd over - 1 run, 2 hits, 0 errors, 1 left on base; San Diego 0 - San Francisco 1
TOP OF THE 4TH
San Diego Padres batting - Pitching for San Francisco Giants : RHP Max Scherzer
Batting: RHB Jose Altuve 0-0: Fly out, F8 (Flyball, 8LD)
Batting: RHB Mitch Haniger 0-0: Called Strike
0-1: Ball
1-1: Swinging Strike
1-2: Ball
2-2: Ball
3-2: DOUBLE (Line Drive, 7LS)
Batting: LHB Mike Moustakas 0-0: Ball
1-0: SINGLE (Flyball, 9S)
Mitch Haniger to third
Batting: SHB Carlos Santana 0-0: Ball
1-0: Foul Ball, location: 2F
1-1: Ball
2-1: Ball
3-1: Base on Balls
Mike Moustakas to second
Batting: RHB Byron Buxton 0-0: Swinging Strike
0-1: Swinging Strike
0-2: Ball
1-2: Strikes out swinging
Batting: RHB Russell Martin 0-0: Called Strike
0-1: Ball
1-1: Swinging Strike
1-2: Strikes out swinging
Top of the 4th over - 0 runs, 2 hits, 0 errors, 3 left on base; San Diego 0 - San Francisco 1
BOTTOM OF THE 4TH
San Francisco Giants batting - Pitching for San Diego Padres : RHP Gerrit Cole
Batting: LHB Anthony Rizzo 0-0: Foul Ball, location: 2F
0-1: Swinging Strike
0-2: Strikes out looking
Batting: LHB Kyle Seager 0-0: Ball
1-0: Called Strike
1-1: Foul Ball, location: 2F
1-2: Ground out 1-3 (Groundball, P)
Batting: RHB Nelson Cruz 0-0: Ground out 5-3 (Groundball, 56)
Bottom of the 4th over - 0 runs, 0 hits, 0 errors, 0 left on base; San Diego 0 - San Francisco 1
TOP OF THE 5TH
San Diego Padres batting - Pitching for San Francisco Giants : RHP Max Scherzer
Batting: SHB Freddy Galvis 0-0: Called Strike
0-1: Ball
1-1: Ball
2-1: Foul Ball, location: 2F
2-2: Strikes out swinging
Batting: RHB Gerrit Cole 0-0: Swinging Strike
0-1: Ground out 2-3 (Groundball, 2R)
Batting: LHB David Peralta 0-0: Ball
1-0: Fly out, F8 (Line Drive, 8RM)
Top of the 5th over - 0 runs, 0 hits, 0 errors, 0 left on base; San Diego 0 - San Francisco 1
BOTTOM OF THE 5TH
San Francisco Giants batting - Pitching for San Diego Padres : RHP Gerrit Cole
Batting: LHB Corey Dickerson 0-0: Swinging Strike
0-1: Ground out 4-3 (Groundball, 4S)
Batting: RHB Tim Anderson 0-0: Swinging Strike
0-1: Foul Ball, location: 2F
0-2: Ball
1-2: DOUBLE (Line Drive, 8RXD)
Batting: RHB Chris Gimenez 0-0: Foul Ball, location: 2F
0-1: Foul Ball, location: 2F
0-2: Strikes out swinging
Batting: RHB Max Scherzer 0-0: Called Strike
0-1: Foul Ball, location: 2F
0-2: Ball
1-2: Strikes out swinging
Bottom of the 5th over - 0 runs, 1 hit, 0 errors, 1 left on base; San Diego 0 - San Francisco 1
TOP OF THE 6TH
San Diego Padres batting - Pitching for San Francisco Giants : RHP Max Scherzer
Batting: RHB Jose Altuve 0-0: Ball
1-0: Ball
2-0: Foul Ball, location: 2F
2-1: Called Strike
2-2: Strikes out swinging
Batting: RHB Mitch Haniger 0-0: Foul Ball, location: 2F
0-1: Called Strike
0-2: Ball
1-2: Ball
2-2: Foul Ball, location: 2F
2-2: Fly out, F9 (Flyball, 9LS)
Batting: LHB Mike Moustakas 0-0: Fly out, F9 (Flyball, 9LS)
Top of the 6th over - 0 runs, 0 hits, 0 errors, 0 left on base; San Diego 0 - San Francisco 1
BOTTOM OF THE 6TH
San Francisco Giants batting - Pitching for San Diego Padres : RHP Gerrit Cole
Batting: LHB Jon Jay 0-0: Ball
1-0: Ball
2-0: Bunt for hit - play at first, batter safe!
Batting: RHB Dustin Pedroia 0-0: Ball
1-0: Ball
2-0: Ball
3-0: Called Strike
3-1: Swinging Strike
3-2: Ground out 5-3 (Groundball, 56S)
Jon Jay to second
Batting: LHB Anthony Rizzo 0-0: Ball
1-0: Ball
2-0: Ball
3-0: Called Strike
3-1: Called Strike
3-2: DOUBLE (Groundball, 3L)
Jon Jay scores
Batting: LHB Kyle Seager 0-0: Called Strike
0-1: Called Strike
0-2: Fly out, F9 (Flyball, 9LD)
Batting: RHB Nelson Cruz 0-0: Ball
1-0: Foul Ball, location: 2F
1-1: Swinging Strike
1-2: Hit by Pitch
Batting: LHB Corey Dickerson 0-0: Ball
1-0: Foul Ball, location: 2F
1-1: Foul Ball, location: 2F
1-2: Foul Ball, location: 2F
1-2: Fly out, F8 (Flyball, 8LXD)
Bottom of the 6th over - 1 run, 2 hits, 0 errors, 2 left on base; San Diego 0 - San Francisco 2
TOP OF THE 7TH
San Diego Padres batting - Pitching for San Francisco Giants : RHP Max Scherzer
Batting: SHB Carlos Santana 0-0: Called Strike
0-1: Called Strike
0-2: Ball
1-2: DOUBLE (Flyball, 7LD)
Batting: RHB Byron Buxton 0-0: Called Strike
0-1: Ball
1-1: Fly out, F5 (Line Drive, 5)
Pitching: RHP Luke Gregerson
Batting: RHB Russell Martin 0-0: Fly out, F7 (Flyball, 78D)
Batting: SHB Freddy Galvis 0-0: Fly out, F8 (Line Drive, 8LD)
Top of the 7th over - 0 runs, 1 hit, 0 errors, 1 left on base; San Diego 0 - San Francisco 2
BOTTOM OF THE 7TH
San Francisco Giants batting - Pitching for San Diego Padres : RHP Gerrit Cole
Batting: RHB Tim Anderson 0-0: Foul Ball, location: 2F
0-1: Ball
1-1: SOLO HOME RUN (Flyball, 8LXD), Distance : 411 ft
Pitching: RHP Hunter Strickland
Batting: RHB Chris Gimenez 0-0: Foul Ball, location: 2F
0-1: Ball
1-1: Foul Ball, location: 2F
1-2: Foul Ball, location: 2F
1-2: Foul Ball, location: 2F
1-2: Ball
2-2: Foul Ball, location: 2F
2-2: Ball
3-2: Base on Balls
Pinch Hitting: LHB Tyler Naquin 0-0: Ball
1-0: Ball
2-0: Foul Ball, location: 2F
2-1: Ball
3-1: Foul Ball, location: 2F
3-2: Strikes out swinging
Batting: LHB Jon Jay 0-0: Ball
1-0: Fly out, F7 (Flyball, 7LS)
Batting: RHB Dustin Pedroia 0-0: SINGLE (Line Drive, 8LS)
Chris Gimenez to second
Batting: LHB Anthony Rizzo 0-0: Ground out 4-3 (Groundball, 4)
Bottom of the 7th over - 1 run, 2 hits, 0 errors, 2 left on base; San Diego 0 - San Francisco 3
TOP OF THE 8TH
San Diego Padres batting - Pitching for San Francisco Giants : RHP Luke Gregerson
Pitching: RHP Chris Hatcher
Pinch Hitting: RHB Chris Carter 0-0: Ball
1-0: Ball
2-0: Swinging Strike
2-1: SOLO HOME RUN (Flyball, 7D), Distance : 375 ft
Batting: LHB David Peralta 0-0: Called Strike
0-1: Fly out, F9 (Flyball, 89M)
Batting: RHB Jose Altuve 0-0: Ball
1-0: Foul Ball, location: 2F
1-1: Ball
2-1: Ball
3-1: Called Strike
3-2: Fly out, F7 (Flyball, 7)
Batting: RHB Mitch Haniger 0-0: Called Strike
0-1: Swinging Strike
0-2: Strikes out looking
Top of the 8th over - 1 run, 1 hit, 0 errors, 0 left on base; San Diego 1 - San Francisco 3
BOTTOM OF THE 8TH
San Francisco Giants batting - Pitching for San Diego Padres : RHP Hunter Strickland
Pitching: RHP Luis A. Garcia
Batting: LHB Kyle Seager 0-0: Ball
1-0: Foul Ball, location: 2F
1-1: Ball
2-1: Ball
3-1: Base on Balls
Batting: RHB Nelson Cruz 0-0: Ball
1-0: Ball
2-0: Ball
3-0: Called Strike
3-1: Base on Balls
Kyle Seager to second
Batting: LHB Corey Dickerson 0-0: Ball
1-0: Ball
2-0: Ball
3-0: Called Strike
3-1: Reached on error, E3 (Groundball, 3)
Kyle Seager to third
Nelson Cruz to second
Pitching: RHP Blake Parker
Batting: RHB Tim Anderson 0-0: Ball
1-0: SINGLE (Groundball, 34D)
Kyle Seager scores
Nelson Cruz to third
Corey Dickerson to second
Runner from 3rd tries for Home, SAFE, throw made home
Batting: RHB Chris Gimenez 0-0: Ball
1-0: Foul Ball, location: 2F
1-1: Called Strike
1-2: Ball
2-2: Grounds into double play, 6-4-3 (Groundball, 6)
Corey Dickerson to third
Pinch Hitting: RHB Alcides Escobar 0-0: Ball
1-0: Ball
2-0: Called Strike
2-1: Ground out 5-3 (Groundball, 56S)
Bottom of the 8th over - 2 runs, 1 hit, 1 error, 1 left on base; San Diego 1 - San Francisco 5
TOP OF THE 9TH
San Diego Padres batting - Pitching for San Francisco Giants : RHP Chris Hatcher
Pitching: LHP Tony Watson
Batting: LHB Mike Moustakas 0-0: Foul Ball, location: 2F
0-1: Ball
1-1: Called Strike
1-2: Strikes out looking
Batting: SHB Carlos Santana 0-0: Foul Ball, location: 2F
0-1: Fly out, F7 (Flyball, 7LDF)
Batting: RHB Byron Buxton 0-0: Called Strike
0-1: DOUBLE (Line Drive, 8LXD)
Batting: RHB Russell Martin 0-0: Fly out, F8 (Flyball, 8LS)
Top of the 9th over - 0 runs, 1 hit, 0 errors, 1 left on base; San Diego 1 - San Francisco 5
Thursday, June 21st, 2018 - OOTP Baseball 19.6 Build 53